[Event "Titled Tuesday Blitz November 07 Late 2023"]
[White "Rostovtsev, Dmitry"]
[Black "Rozman, Levy"]
[WhiteFideId "34278320"]
[BlackFideId "2039877"]
[WhiteElo "2931"]
[BlackElo "2675"]
[Result "1-0"]
[Round "3"]
[TimeControl "180+1"]
[Date "2023.11.07"]
[WhiteClock "0:00:09"]
[BlackClock "0:00:09"]
[Board "21"]

1. d4 f5 2. c4 Nf6 3. Nf3 e6 4. g3 b6 5. Bg2 Bb4+ 6. Nbd2 Bb7 7. O-O Bxd2 8. Bxd2 O-O 9. Rc1 Be4 10. Bh3 h6 11. Ne1 Bb7 12. Nd3 Ne4 13. Bg2 Nc6 14. e3 d6 15. Re1 Qd7 16. f3 Nxd2 17. Qxd2 e5 18. d5 Ne7 19. e4 a5 20. b3 Qe8 21. a3 Ng6 22. exf5 Rxf5 23. f4 Qf7 24. Be4 Rf6 25. Bxg6 Qxg6 26. fxe5 dxe5 27. Nxe5 Qh5 28. Qe2 Qf5 29. Rf1 Qg5 30. Rxf6 gxf6 31. Nd3 a4 32. b4 b5 33. Nf4 Qe5 34. Qg4+ Kh7 35. Qg6+ Kh8 36. Qxh6+ Kg8 37. Qg6+ Kh8 38. Qd3 Qb2 39. Re1 bxc4 40. Qxc4 Rd8 41. Ne6 Bxd5 42. Qh4+ Kg8 43. Qg4+ Kf7 44. Qg7+ Ke8 45. Nxc7# 1-0


[Site "https://www.chess.com"]

[Event "Titled Tuesday Blitz November 07 Late 2023"]
[White "Skvortsov, Andrei"]
[Black "Bortnyk, Mykola"]
[WhiteFideId "24108600"]
[BlackFideId "14120836"]
[WhiteElo "2672"]
[BlackElo "2926"]
[Result "0-1"]
[Round "3"]
[TimeControl "180+1"]
[Date "2023.11.07"]
[WhiteClock "0:00:02"]
[BlackClock "0:00:07"]
[Board "22"]

1. g3 e5 2. e4 Nf6 3. Bg2 Nc6 4. Nc3 Bc5 5. Nge2 h5 6. h3 d6 7. d3 Be6 8. Na4 Bb6 9. Bg5 Qd7 10. Nxb6 axb6 11. a3 Nh7 12. Be3 Ne7 13. Nc3 h4 14. g4 c5 15. f4 f6 16. f5 Bf7 17. Qd2 d5 18. exd5 Nxd5 19. Nxd5 Bxd5 20. O-O O-O 21. Qf2 Bxg2 22. Qxg2 Ng5 23. Rae1 Rae8 24. Bxg5 fxg5 25. Re4 b5 26. Rfe1 Re7 27. Qd2 c4 28. d4 Ree8 29. Rxe5 Rxe5 30. Rxe5 Qd6 31. c3 Qd8 32. Qe3 Kh7 33. Qe4 Rf6 34. Rxb5 b6 35. Re5 Qd6 36. Qe3 Kh6 37. Re6 Qc7 38. Kf1 Qh2 39. Qf3 Qxb2 40. a4 Qa1+ 41. Re1 Qxa4 42. Kg2 Qc2+ 43. Re2 Qd1 44. Rb2 Qc1 45. Ra2 Kh7 46. Re2 b5 47. Rf2 b4 48. cxb4 c3 49. Rf1 Qd2+ 50. Rf2 Qxd4 51. Rc2 Rd6 52. Qxc3 Qe4+ 53. Kf2 Rd3 54. Qc6 Qe3+ 55. Kg2 Qxh3+ 56. Kf2 Qg3+ 57. Kf1 Rd1+ 58. Ke2 Re1+ 59. Kd2 Qe3# 0-1


[Site "https://www.chess.com"]

[Event "Titled Tuesday Blitz November 07 Late 2023"]
[White "Giroyan, Gary"]
[Black "Kovalev, Vladislav"]
[WhiteFideId "680281"]
[BlackFideId "13504398"]
[WhiteElo "2667"]
[BlackElo "2922"]
[Result "1-0"]
[Round "3"]
[TimeControl "180+1"]
[Date "2023.11.07"]
[WhiteClock "0:00:22"]
[BlackClock "0:00:00"]
[Board "23"]

1. d4 Nf6 2. c4 e6 3. Nf3 b6 4. g3 Ba6 5. b3 Bb4+ 6. Bd2 Be7 7. Nc3 O-O 8. e4 d5 9. cxd5 Bxf1 10. Kxf1 exd5 11. e5 Ne4 12. Kg2 f5 13. exf6 Bxf6 14. Re1 Bxd4 15. Nxe4 Bxa1 16. Neg5 Bf6 17. Ne6 Qd7 18. Nxf8 Kxf8 19. Ne5 Qd6 20. Qh5 Bxe5 21. Rxe5 Nd7 22. Qf5+ Kg8 23. Re6 Qc5 24. b4 Qc4 25. Re7 Nf6 26. Qe6+ Kh8 27. Qf7 Rg8 28. Bh6 Qg4 29. Rxc7 Qe4+ 30. Kg1 Qe1+ 31. Kg2 Qe4+ 32. Kg1 Qg4 33. h3 Qg6 34. Qxg6 hxg6 35. Be3 Rd8 36. Bd4 Re8 37. Rxa7 Re4 38. Bxb6 Rxb4 39. Bc5 Rc4 40. Bf8 Ne4 41. Bxg7+ Kg8 42. Be5 d4 43. Rd7 Nc3 44. Kg2 Nxa2 45. Bxd4 Nb4 46. Bf6 Kf8 47. h4 Rc6 48. Be7+ Ke8 49. Ra7 Nd5 50. Bg5 Re6 51. Ra5 Nc3 52. Ra8+ Kf7 53. Ra7+ Kg8 54. g4 Ne4 55. f3 Nd6 56. Kg3 Nf7 57. Ra8+ Kg7 58. Bd2 Rd6 59. Bc3+ Kh7 60. g5 Rc6 61. Bf6 Rd6 62. f4 Rd3+ 63. Kg4 Rd7 64. h5 1-0


[Site "https://www.chess.com"]

[Event "Titled Tuesday Blitz November 07 Late 2023"]
[White "Melkumyan, Hrant"]
[Black "Gubajdullin, Alexei"]
[WhiteFideId "13302485"]
[BlackFideId "4141202"]
[WhiteElo "2918"]
[BlackElo "2665"]
[Result "1-0"]
[Round "3"]
[TimeControl "180+1"]
[Date "2023.11.07"]
[WhiteClock "0:00:08"]
[BlackClock "0:00:04"]
[Board "24"]

1. d4 Nf6 2. c4 g6 3. Nc3 Bg7 4. e4 d6 5. f3 O-O 6. Nge2 Nc6 7. Be3 a6 8. Ng3 e5 9. d5 Nd4 10. Nge2 c5 11. dxc6 bxc6 12. Nxd4 exd4 13. Bxd4 Rb8 14. Qd2 Qa5 15. Rd1 c5 16. Bxf6 Bxf6 17. Nd5 Qxd2+ 18. Rxd2 Bxb2 19. Bd3 Be6 20. Ke2 Bxd5 21. cxd5 a5 22. a4 Rb4 23. Bb5 c4 24. Rc2 c3 25. Kd3 Rb8 26. Re1 Kg7 27. g4 g5 28. e5 dxe5 29. Rxe5 Rf4 30. Rxg5+ Kf6 31. Rh5 Rxf3+ 32. Kc4 Rf4+ 33. Kb3 Rb4+ 34. Ka2 Rd4 35. Rf2+ Kg7 36. Rhf5 Rb7 37. Bc6 Rc7 38. Kb3 Rd2 39. Rxd2 cxd2 40. Kc2 Bc1 41. Rf1 f6 42. h4 Rc8 43. Kd1 Rd8 44. Kc2 Rd6 45. Kd3 h6 46. Ke4 Kf8 47. Kf5 Kg7 48. Ke4 Kg6 49. Bb5 Kg7 50. Bd3 Kf7 51. Kd4 Kg7 52. Bf5 Rd7 53. Bxd7 Kf7 54. Bf5 Ke7 55. Bc2 Kd6 56. Bd1 Kd7 57. Ke4 Ke7 58. Rf5 Kd7 59. Rxf6 Ke7 60. Rxh6 Kf7 61. Re6 1-0


[Site "https://www.chess.com"]

[Event "Titled Tuesday Blitz November 07 Late 2023"]
[White "Lamaze, Simon"]
[Black "Bauman_Guy"]
[WhiteFideId "36069264"]
[WhiteElo "2662"]
[BlackElo "2912"]
[Result "0-1"]
[Round "3"]
[TimeControl "180+1"]
[Date "2023.11.07"]
[WhiteClock "0:00:04"]
[BlackClock "0:00:15"]
[Board "25"]

1. e4 c6 2. d4 d5 3. e5 Bf5 4. Nc3 e6 5. g4 Bg6 6. Nge2 h5 7. Nf4 Bh7 8. Nxh5 c5 9. Be3 Nc6 10. dxc5 d4 11. Bb5 dxc3 12. Qf3 Ne7 13. bxc3 Qa5 14. Rb1 Bxc2 15. O-O Bxb1 16. Rxb1 Qc7 17. Ba4 Nd5 18. Bd4 O-O-O 19. Nf4 Nxe5 20. Qe4 Nf3+ 21. Qxf3 Qxf4 22. Qg2 Qc7 23. c6 b6 24. Bb5 Bd6 25. c4 Nf4 26. Qf3 Rh3 27. Qe4 Ra3 28. c5 Bxc5 29. Bxg7 Nh3+ 30. Kg2 Nxf2 31. Qe2 Rh3 32. Be5 Bd6 33. Bxd6 Qxd6 34. Ba6+ Kc7 35. Kf1 Rxh2 36. Qf3 f5 37. gxf5 Rh1+ 38. Kxf2 Rxb1 39. f6 Rb2+ 40. Kf1 Qd1+ 41. Qxd1 Rxd1# 0-1


[Site "https://www.chess.com"]

[Event "Titled Tuesday Blitz November 07 Late 2023"]
[White "Zhigalko, Sergei"]
[Black "Domingo Nunez, Ruben"]
[WhiteFideId "13502956"]
[BlackFideId "22245570"]
[WhiteElo "2906"]
[BlackElo "2660"]
[Result "1-0"]
[Round "3"]
[TimeControl "180+1"]
[Date "2023.11.07"]
[WhiteClock "0:01:01"]
[BlackClock "0:00:53"]
[Board "26"]

1. e4 g6 2. d4 Bg7 3. Nc3 d6 4. Nf3 a6 5. Be3 b5 6. a4 b4 7. Ne2 a5 8. Ng3 Bb7 9. c3 Nd7 10. Bd3 e6 11. O-O Ne7 12. Re1 O-O 13. Qd2 c5 14. Bh6 Qb6 15. Rad1 Rad8 16. Bxg7 Kxg7 17. Qg5 Ng8 18. h4 f6 19. Qe3 h5 20. Bb5 Nh6 21. dxc5 Nxc5 22. cxb4 axb4 23. Nd4 Ng4 24. Nxe6+ Kh8 25. Qd4 Bc8 26. Nxf8 Rxf8 27. Qxd6 1-0


[Site "https://www.chess.com"]

[Event "Titled Tuesday Blitz November 07 Late 2023"]
[White "Perske, Thore"]
[Black "Salinas Herrera, Pablo"]
[WhiteFideId "12902195"]
[BlackFideId "3407128"]
[WhiteElo "2642"]
[BlackElo "2905"]
[Result "1/2-1/2"]
[Round "3"]
[TimeControl "180+1"]
[Date "2023.11.07"]
[WhiteClock "0:00:09"]
[BlackClock "0:00:15"]
[Board "27"]

1. d4 d5 2. Nf3 Nf6 3. g3 Bf5 4. Bg2 e6 5. c4 c6 6. Nc3 h6 7. Qb3 Qb6 8. c5 Qxb3 9. axb3 Be7 10. b4 O-O 11. Nd2 a6 12. Nb3 Nbd7 13. Bf4 g5 14. Bd6 Bxd6 15. cxd6 Rfd8 16. Nc5 Rab8 17. f3 Bg6 18. e4 dxe4 19. fxe4 e5 20. O-O-O exd4 21. Rxd4 Ne5 22. h4 Kg7 23. b3 b6 24. Nxa6 Ra8 25. Nc7 Ra7 26. Rhd1 Nfd7 27. Kb2 Bh5 28. Ra1 Rxa1 29. Kxa1 Bf3 30. Bxf3 Nxf3 31. Rd1 Nde5 32. b5 cxb5 33. N3xb5 gxh4 34. gxh4 Nxh4 35. Nd5 Nd7 36. Rg1+ Ng6 37. Ne3 h5 38. Kb2 h4 39. Kc3 Nc5 40. e5 Kh6 41. Nf5+ Kh7 42. Nxh4 Nxe5 43. Nf5 Nf3 44. Rh1+ Kg6 45. Ne7+ Kf6 46. Rf1 Ne4+ 47. Kd3 Ng5 48. Nd5+ Ke6 49. Ndc7+ Kd7 50. Ke3 Ne5 51. Rf5 f6 52. Kd2 Ne4+ 53. Ke3 Nxd6 54. Nxd6 Kxc7 55. Ne4 Rd3+ 56. Ke2 Rxb3 57. Nxf6 Nc4 58. Nd5+ Kd6 59. Nf4 Re3+ 60. Kf2 Re8 61. Nd3 Kc6 62. Rh5 Rf8+ 63. Ke2 Re8+ 64. Kd1 Re6 65. Kc2 Ne3+ 66. Kc3 Nd5+ 67. Kd4 Ne7 68. Ne5+ Kb7 69. Nc4 Ka6 70. Kc3 Rc6 71. Kb3 Nc8 72. Na3 Nd6 73. Nc2 Ne4 74. Nb4+ Kb7 75. Nxc6 Kxc6 76. Rh6+ Kc5 77. Rh5+ Kc6 78. Rh6+ Kc5 79. Rh5+ Kc6 1/2-1/2


[Site "https://www.chess.com"]

[Event "Titled Tuesday Blitz November 07 Late 2023"]
[White "Bachmann, Axel"]
[Black "reevecanada"]
[WhiteFideId "3700488"]
[WhiteElo "2879"]
[BlackElo "2635"]
[Result "1-0"]
[Round "3"]
[TimeControl "180+1"]
[Date "2023.11.07"]
[WhiteClock "0:00:55"]
[BlackClock "0:00:52"]
[Board "28"]

1. e4 c5 2. Nf3 d6 3. Bb5+ Bd7 4. c4 Nf6 5. Nc3 Bxb5 6. cxb5 Nbd7 7. d4 cxd4 8. Nxd4 g6 9. O-O Bg7 10. Qe2 O-O 11. Rd1 Nb6 12. a4 a5 13. bxa6 bxa6 14. a5 Nbd7 15. Nc6 Qe8 16. Bg5 h6 17. Bh4 Nc5 18. Nd5 Ncxe4 19. Ndxe7+ Kh7 20. f3 Nc5 21. Rxd6 Ne6 22. Nxg6 Kxg6 23. Qc2+ Kh5 24. Qf5+ Ng5 25. Bf2 Qc8 26. g4+ Nxg4 27. fxg4# 1-0


[Site "https://www.chess.com"]

[Event "Titled Tuesday Blitz November 07 Late 2023"]
[White "Seemann, Jakub"]
[Black "Kamsky, Gata"]
[WhiteFideId "21874697"]
[BlackFideId "2000024"]
[WhiteElo "2631"]
[BlackElo "2867"]
[Result "1-0"]
[Round "3"]
[TimeControl "180+1"]
[Date "2023.11.07"]
[WhiteClock "0:00:11"]
[BlackClock "0:00:01"]
[Board "29"]

1. c4 f5 2. Nc3 Nf6 3. Nf3 g6 4. d4 d6 5. e3 Bg7 6. b4 O-O 7. Bb2 Nc6 8. Qb3 e5 9. c5+ Kh8 10. dxe5 Nxe5 11. Nxe5 dxe5 12. Rd1 Qe7 13. Bc4 a5 14. a3 axb4 15. axb4 c6 16. O-O Bd7 17. Na4 e4 18. Nb6 Rad8 19. h3 Be8 20. Bd4 Nh5 21. Bxg7+ Kxg7 22. Rxd8 Qxd8 23. Rd1 Qc7 24. Qc3+ Kh6 25. Rd6 Qe7 26. g3 Nf6 27. Kg2 Nd7 28. Nxd7 Bxd7 29. Qd4 Bc8 30. h4 Qg7 31. Qd2 Qe5 32. Rd8 Qe7 33. Rxf8 Qxf8 34. Qd4 Qe7 35. Qh8 Bd7 36. Qb8 Be8 37. Qf4+ Kg7 38. h5 gxh5 39. Qxf5 Bg6 40. Qc8 Kf6 41. Qh8+ Kg5 42. Qb8 Kf6 43. Qh8+ Kg5 44. Qd4 Bf5 45. Qh8 h4 46. Qg8+ Bg6 47. Qb8 hxg3 48. Qf4+ Kh5 49. Be2# 1-0


[Site "https://www.chess.com"]

[Event "Titled Tuesday Blitz November 07 Late 2023"]
[White "Mikaelyan, Arman"]
[Black "Roebers, Eline"]
[WhiteFideId "13304852"]
[BlackFideId "1058401"]
[WhiteElo "2866"]
[BlackElo "2623"]
[Result "0-1"]
[Round "3"]
[TimeControl "180+1"]
[Date "2023.11.07"]
[WhiteClock "0:00:43"]
[BlackClock "0:01:04"]
[Board "30"]

1. d4 f5 2. g3 Nf6 3. Bg2 g6 4. h4 Bg7 5. Nh3 d6 6. d5 c6 7. Nc3 O-O 8. Nf4 cxd5 9. Ncxd5 e6 10. Nxf6+ Bxf6 11. O-O Nc6 12. c4 Rb8 13. Rb1 Qe7 14. b4 Ne5 15. Qb3 Bd7 16. Be3 b6 17. Rbc1 Ng4 18. Qa3 Be8 19. Rfd1 Nxe3 20. Qxe3 Bf7 21. Rd2 Rfd8 22. Rcd1 Rbc8 23. Qb3 Qc7 24. Rc2 d5 25. c5 bxc5 26. Rxc5 Qb6 27. Rdc1 Rxc5 28. bxc5 Qc7 29. c6 Bd4 30. Qe3 Bxe3 0-1


[Site "https://www.chess.com"]

[Event "Titled Tuesday Blitz November 07 Late 2023"]
[White "Kravtsiv, Martyn"]
[Black "Sivakumar, Shaaketh"]
[WhiteFideId "14113147"]
[BlackFideId "30940176"]
[WhiteElo "2857"]
[BlackElo "2614"]
[Result "0-1"]
[Round "3"]
[TimeControl "180+1"]
[Date "2023.11.07"]
[WhiteClock "0:00:02"]
[BlackClock "0:00:11"]
[Board "31"]

1. e4 e6 2. d4 d5 3. e5 c5 4. c3 Nc6 5. Nf3 Qb6 6. Be2 Bd7 7. O-O cxd4 8. cxd4 Nge7 9. Na3 Nf5 10. Nc2 Be7 11. Kh1 Rc8 12. g4 Nh4 13. Nxh4 Bxh4 14. g5 Ne7 15. Bd3 Bb5 16. a4 Bxd3 17. Qxd3 Nf5 18. Ne3 Qxd4 19. Qb5+ Kd8 20. Nxf5 exf5 21. Be3 Qe4+ 22. f3 Qxe3 23. Qxd5+ Ke8 24. Rad1 Qc5 25. Qd7+ Kf8 26. e6 fxe6 27. Qxe6 Re8 28. Qb3 Bxg5 29. Rd7 Be7 30. Rfd1 h5 31. R1d5 Qc1+ 32. Rd1 Qc6 33. R1d6 Qc1+ 34. Rd1 Qf4 35. R1d4 Qe5 36. R4d5 Qe1+ 37. Kg2 Rh6 38. Rxf5+ Rf6 39. Rxf6+ gxf6 40. Qd5 Qe2+ 41. Kg3 Qe5+ 42. Qxe5 fxe5 43. Rxb7 Bc5 44. a5 Re7 45. Rb8+ Kf7 46. b4 Bd4 47. b5 Rd7 48. Kh4 Rd5 49. Kxh5 e4+ 50. Kg4 e3 51. Rb7+ Kf6 52. b6 e2 53. bxa7 e1=Q 54. a8=Q Qg1+ 55. Kh4 Rh5+ 56. Kxh5 Qg5# 0-1


[Site "https://www.chess.com"]

[Event "Titled Tuesday Blitz November 07 Late 2023"]
[White "Cremisi, Daniel"]
[Black "Vasquez Schroeder, Rodrigo"]
[WhiteFideId "2089882"]
[BlackFideId "3400042"]
[WhiteElo "2603"]
[BlackElo "2848"]
[Result "1-0"]
[Round "3"]
[TimeControl "180+1"]
[Date "2023.11.07"]
[WhiteClock "0:00:40"]
[BlackClock "0:00:43"]
[Board "32"]

1. d4 Nf6 2. c4 e6 3. Nf3 c5 4. Nc3 cxd4 5. Nxd4 a6 6. e4 Qc7 7. Be2 Bb4 8. f3 Nc6 9. Be3 d5 10. Nxc6 bxc6 11. exd5 exd5 12. cxd5 Nxd5 13. Bd2 Bc5 14. Nxd5 cxd5 15. Rc1 Qb6 16. Qb3 Bf2+ 17. Kf1 Be6 18. Qxb6 Bxb6 19. Rc6 Bd4 20. Rxa6 Rxa6 21. Bxa6 Bxb2 22. Bb5+ Ke7 23. Bb4+ Kf6 24. Ke2 Rc8 25. Rd1 d4 26. a4 Bc4+ 27. Bxc4 Rxc4 28. Bd2 Rxa4 29. Rb1 Ra2 30. Kd3 Ke6 31. Re1+ Kd7 32. Re2 Ra3+ 33. Kc4 Bc3 34. Bxc3 dxc3 35. Kb4 Ra1 36. Kxc3 Rd1 37. Rd2+ Rxd2 38. Kxd2 Kd6 39. Ke3 Ke5 40. Kd3 Kd5 41. Ke3 g5 42. Kd3 f5 43. Ke3 Ke5 44. f4+ gxf4+ 45. Kf3 h6 46. h3 h5 47. h4 Ke6 48. Kxf4 Kf6 49. g3 Kg6 50. Ke5 Kh7 51. Kxf5 Kh6 52. Kf6 1-0


[Site "https://www.chess.com"]

[Event "Titled Tuesday Blitz November 07 Late 2023"]
[White "Gontcharov, Vladislav"]
[Black "mind1mover"]
[WhiteFideId "4123492"]
[WhiteElo "2570"]
[BlackElo "2836"]
[Result "0-1"]
[Round "3"]
[TimeControl "180+1"]
[Date "2023.11.07"]
[WhiteClock "0:01:15"]
[BlackClock "0:01:09"]
[Board "33"]

1. d4 Nc6 2. Nf3 Nf6 3. c4 e6 4. Nc3 Bb4 5. e3 Bxc3+ 6. bxc3 d6 7. Be2 e5 8. O-O Bg4 9. Rb1 Rb8 10. h3 Bf5 11. Rb5 a6 12. Rb2 O-O 13. Rd2 Ne4 14. Rc2 Bg6 15. Ba3 Re8 16. Rc1 Ng5 17. dxe5 Nxf3+ 18. Bxf3 Nxe5 19. Bd5 c6 20. Bf3 Nxc4 21. Bb4 a5 22. Be2 Nxe3 23. fxe3 axb4 24. cxb4 Rxe3 25. Bf3 Qb6 26. Kh1 d5 27. Qd2 Rbe8 28. b5 Qxb5 29. Rfe1 Rxe1+ 30. Rxe1 Rxe1+ 31. Qxe1 Qb1 32. Qxb1 Bxb1 33. a3 Be4 34. Bg4 f5 35. Bh5 g6 36. Bd1 Kf7 37. Kg1 Ke6 38. g4 f4 39. Kf2 g5 0-1


[Site "https://www.chess.com"]

[Event "Titled Tuesday Blitz November 07 Late 2023"]
[White "Zakhartsov, Vladimir"]
[Black "Toncheva, Nadya"]
[WhiteFideId "4145097"]
[BlackFideId "2924056"]
[WhiteElo "2831"]
[BlackElo "2568"]
[Result "1-0"]
[Round "3"]
[TimeControl "180+1"]
[Date "2023.11.07"]
[WhiteClock "0:00:43"]
[BlackClock "0:00:01"]
[Board "34"]

1. d4 d5 2. c4 dxc4 3. e4 e5 4. Nf3 Bb4+ 5. Nc3 exd4 6. Qxd4 Qxd4 7. Nxd4 Nf6 8. f3 a6 9. Be3 b5 10. a4 c5 11. Nc2 Bb7 12. axb5 axb5 13. Rxa8 Bxc3+ 14. bxc3 Bxa8 15. Bxc5 Nbd7 16. Bb4 Ne5 17. Nd4 Kd7 18. Nxb5 Rb8 19. Nd4 Ne8 20. Be2 Nc7 21. Kd2 Ne6 22. Nf5 Rb6 23. Ra1 Bb7 24. Ne3 Ba6 25. Nd5 Rc6 26. Ra5 f6 27. Bd1 Nc7 28. Ba4 1-0


[Site "https://www.chess.com"]

[Event "Titled Tuesday Blitz November 07 Late 2023"]
[White "Silva, Caio Henrique Angelico"]
[Black "Leitao, Rafael"]
[WhiteFideId "22777210"]
[BlackFideId "2101246"]
[WhiteElo "2532"]
[BlackElo "2824"]
[Result "1/2-1/2"]
[Round "3"]
[TimeControl "180+1"]
[Date "2023.11.07"]
[WhiteClock "0:00:39"]
[BlackClock "0:00:16"]
[Board "35"]

1. d4 Nf6 2. Nf3 g6 3. g3 Bg7 4. Bg2 O-O 5. O-O d6 6. c4 Nc6 7. Nc3 e5 8. dxe5 dxe5 9. Qxd8 Rxd8 10. Bg5 Be6 11. Nd2 h6 12. Bxf6 Bxf6 13. Nde4 Be7 14. Nd5 Bxd5 15. cxd5 Nb4 16. Nc3 Bd6 17. a3 Na6 18. Rac1 Nc5 19. b4 Nb3 20. Rcd1 a5 21. Nb5 axb4 22. axb4 Ra4 23. Rd3 Rxb4 24. Nxd6 Rxd6 25. Rc3 Nd4 26. Rxc7 Nxe2+ 27. Kh1 Nd4 28. Re1 Rb2 29. Kg1 Rf6 30. d6 Rxd6 31. Rxb7 Rxb7 32. Bxb7 Re6 33. Bd5 Re7 34. f4 Kg7 35. Rxe5 Rxe5 36. fxe5 Kf8 37. Kf2 Ke7 38. Ke3 Nb5 39. g4 Nc7 40. Bc4 Ne6 41. h4 Nf8 42. Ke4 Nd7 43. h5 gxh5 44. gxh5 f6 45. exf6+ Nxf6+ 46. Kf5 Nxh5 47. Kg6 Nf4+ 48. Kxh6 1/2-1/2


[Site "https://www.chess.com"]

[Event "Titled Tuesday Blitz November 07 Late 2023"]
[White "Lima, Kleyton Alcantara"]
[Black "Rustemov, Alexander"]
[WhiteFideId "22718397"]
[BlackFideId "4119002"]
[WhiteElo "2531"]
[BlackElo "2824"]
[Result "1-0"]
[Round "3"]
[TimeControl "180+1"]
[Date "2023.11.07"]
[WhiteClock "0:00:24"]
[BlackClock "0:00:10"]
[Board "36"]

1. e4 e6 2. d4 d5 3. Nc3 dxe4 4. Nxe4 Bd7 5. Nf3 Bc6 6. Bd3 Nd7 7. Bf4 Ngf6 8. Nxf6+ Nxf6 9. O-O Bxf3 10. Qxf3 c6 11. Be5 Bd6 12. Rad1 Bxe5 13. dxe5 Nd7 14. Rfe1 Qe7 15. c3 Rd8 16. Bc2 O-O 17. Qe4 g6 18. h4 Nc5 19. Qf4 Rxd1 20. Rxd1 Rd8 21. Rxd8+ Qxd8 22. h5 g5 23. Qe3 b6 24. b4 Na6 25. Qe4 Kf8 26. Qxh7 Qd2 27. Qd3 Qxd3 28. Bxd3 Nc7 29. Bc4 Kg7 30. g4 b5 31. Bb3 Na8 32. Kg2 Nb6 33. Kf3 Nd7 34. Ke4 Kf8 35. f4 gxf4 36. Kxf4 Kg7 37. g5 Nf8 38. Bc2 Nd7 39. Be4 Nb8 40. Ke3 Nd7 41. Kd4 Nb8 42. Kc5 Nd7+ 43. Kd6 Nb6 44. Bd3 Nd5 45. Kxc6 Nxc3 46. a3 a6 47. Kb6 Nd5+ 48. Kxa6 Nf4 49. h6+ Kg8 50. Bf1 Ng6 51. Kxb5 Nxe5 52. a4 Nf3 53. a5 Nd4+ 54. Kb6 Nc2 55. b5 Ne3 56. a6 Nxf1 57. a7 Kh7 58. a8=Q Ng3 59. Qf8 Kg6 60. Qg7+ Kf5 61. Qxf7+ Kxg5 62. Qg7+ Kf4 63. Qxg3+ Kxg3 64. h7 e5 65. h8=Q e4 66. Qe5+ Kf3 67. Kc5 e3 68. b6 e2 69. b7 Kf2 70. b8=Q e1=Q 71. Qg3+ Ke2 72. Qbe5+ Kd2 73. Qexe1+ Kc2 74. Qgc3# 1-0


[Site "https://www.chess.com"]

[Event "Titled Tuesday Blitz November 07 Late 2023"]
[White "Arencibia Monduy, Antonio"]
[Black "Blohberger, Felix"]
[WhiteFideId "3507939"]
[BlackFideId "1632051"]
[WhiteElo "2530"]
[BlackElo "2811"]
[Result "0-1"]
[Round "3"]
[TimeControl "180+1"]
[Date "2023.11.07"]
[WhiteClock "0:01:21"]
[BlackClock "0:01:20"]
[Board "37"]

1. b3 d5 2. Bb2 Nf6 3. e3 c5 4. Nf3 g6 5. Be2 Bg7 6. O-O O-O 7. d3 Qc7 8. Nbd2 Nc6 9. d4 Ne4 10. c3 e5 11. dxe5 Nxe5 12. Nxe5 Bxe5 13. Nxe4 dxe4 14. h3 Be6 15. Qc2 f5 16. Bc4 Bxc4 17. bxc4 Qf7 18. Rad1 Qxc4 19. Rd7 Rf7 20. Rfd1 Raf8 21. Qa4 Qxa4 0-1


[Site "https://www.chess.com"]

[Event "Titled Tuesday Blitz November 07 Late 2023"]
[White "Ghasi, Ameet K"]
[Black "Taboas Rodriguez, Daniel"]
[WhiteFideId "409200"]
[BlackFideId "2208466"]
[WhiteElo "2807"]
[BlackElo "2529"]
[Result "1-0"]
[Round "3"]
[TimeControl "180+1"]
[Date "2023.11.07"]
[WhiteClock "0:01:43"]
[BlackClock "0:00:16"]
[Board "38"]

1. b3 d5 2. Bb2 Bg4 3. h3 Bh5 4. d3 c5 5. Nd2 Nc6 6. Ngf3 f6 7. g4 Bf7 8. Bg2 e5 9. a3 Bd6 10. e3 Nge7 11. c4 Qd7 12. cxd5 Nxd5 13. Ne4 Be7 14. Qc2 b6 15. Rc1 Rc8 16. Nh4 g6 17. Ng3 O-O 18. Nf3 Rfd8 19. O-O Nc7 20. Rfd1 Bd5 21. Ba1 Nb5 22. Qb2 Qe6 23. Rb1 Qf7 24. g5 Re8 25. Ne4 Nd6 26. gxf6 Bxf6 27. Nxd6 Qd7 28. Nxe8 Rxe8 29. Qe2 Bg7 30. Ng5 Bxg2 31. Kxg2 Qf5 32. Qg4 1-0


[Site "https://www.chess.com"]

[Event "Titled Tuesday Blitz November 07 Late 2023"]
[White "Kozak, Antoni"]
[Black "Goncalves, Davi Sulzbacher"]
[WhiteFideId "21832030"]
[BlackFideId "2154510"]
[WhiteElo "2805"]
[BlackElo "2425"]
[Result "1-0"]
[Round "3"]
[TimeControl "180+1"]
[Date "2023.11.07"]
[WhiteClock "0:00:14"]
[BlackClock "0:00:00"]
[Board "39"]

1. Nf3 Nf6 2. c4 g6 3. Nc3 d5 4. cxd5 Nxd5 5. Qa4+ Nc6 6. Ne5 Nb6 7. Qb5 Qd6 8. Nxc6 bxc6 9. Qg5 Bg7 10. g3 O-O 11. Bg2 Rb8 12. O-O Be6 13. d3 Nd5 14. Ne4 Qb4 15. Rb1 f5 16. Bd2 Qb6 17. Nc3 Bf6 18. Nxd5 Bxd5 19. Qe3 Bxa2 20. Rbc1 Qxb2 21. Ba5 Bd5 22. Bxd5+ cxd5 23. Bxc7 Rbc8 24. Rb1 Qd4 25. Qe6+ Kg7 26. Rb7 Qc5 27. Be5 Rfe8 28. Bxf6+ 1-0


[Site "https://www.chess.com"]

[Event "Titled Tuesday Blitz November 07 Late 2023"]
[White "Roberson, Peter T"]
[Black "Elsa167"]
[WhiteFideId "412384"]
[WhiteElo "2586"]
[BlackElo "2973"]
[Result "0-1"]
[Round "3"]
[TimeControl "180+1"]
[Date "2023.11.07"]
[WhiteClock "0:00:00"]
[BlackClock "0:00:11"]
[Board "40"]

1. e4 c5 2. Nf3 d6 3. c3 Nf6 4. h3 Nc6 5. Bd3 e5 6. Bc2 Be7 7. d4 cxd4 8. cxd4 exd4 9. Nxd4 d5 10. Nxc6 bxc6 11. e5 Nd7 12. Bf4 Nc5 13. O-O O-O 14. Nc3 d4 15. Ne4 d3 16. Nxc5 dxc2 17. Qxc2 Qb6 18. Rac1 Bxc5 19. Qxc5 Qxb2 20. Rc2 Qb6 21. Qxc6 Be6 22. Qxb6 axb6 23. Rb1 Bf5 24. Rcb2 Bxb1 25. Rxb1 Ra6 26. Be3 Rfa8 27. Rxb6 Rxb6 28. Bxb6 Rxa2 29. Kh2 Kf8 30. Be3 Ke7 31. Kg3 Ke6 32. f4 h5 33. Kf3 h4 34. Bf2 Kf5 35. Be3 Ra3 36. Ke2 Ke4 37. Bf2 Ra2+ 38. Kf1 Kxf4 39. Bxh4 Kxe5 40. Bg3+ Ke4 41. Kg1 f5 42. Bh4 f4 43. Bg5 f3 44. gxf3+ Kxf3 45. h4 Rf2 46. Kh1 Rg2 47. Be7 Kg3 48. Bg5 Kh3 0-1


[Site "https://www.chess.com"]

[Event "Titled Tuesday Blitz November 07 Late 2023"]
[White "Brodsky, David"]
[Black "Koziorowicz, Michal"]
[WhiteFideId "2073250"]
[BlackFideId "21809194"]
[WhiteElo "2810"]
[BlackElo "2558"]
[Result "1/2-1/2"]
[Round "3"]
[TimeControl "180+1"]
[Date "2023.11.07"]
[WhiteClock "0:00:02"]
[BlackClock "0:00:20"]
[Board "41"]

1. e4 c5 2. Nf3 d6 3. d4 cxd4 4. Nxd4 Nf6 5. Nc3 g6 6. Be3 Bg7 7. f3 O-O 8. Qd2 Nc6 9. O-O-O d5 10. exd5 Nxd5 11. Nxc6 bxc6 12. Bd4 Bxd4 13. Qxd4 Qb6 14. Na4 Qa5 15. b3 Qc7 16. Bc4 Rd8 17. Rhe1 Bf5 18. Qe5 Qxe5 19. Rxe5 Bxc2 20. Bxd5 Bxd1 21. Bc4 Rd4 22. Nc3 Bxf3 23. gxf3 Kf8 24. Ne4 Rad8 25. Ra5 Rd1+ 26. Kb2 Rh1 27. Rxa7 Rxh2+ 28. Kc3 Rg2 29. a4 h5 30. Bf1 Rg1 31. Bh3 Rc1+ 32. Kb4 Rb8+ 33. Ka3 Re1 34. a5 Re3 35. Nc5 Kg7 36. a6 Rxf3 37. Bd7 Rc3 38. Rb7 Ra8 39. Kb4 Rc1 40. Bxc6 Rxc5 41. Kxc5 Rxa6 42. Rxe7 Kf6 43. Re1 h4 44. b4 Ra2 45. b5 Rc2+ 46. Kd6 Rb2 47. Kc5 Kg5 48. b6 f5 49. Bb5 Rc2+ 50. Kd6 Rc8 51. b7 Rb8 52. Kc7 Rxb7+ 53. Kxb7 Kf4 54. Bc6 g5 55. Kc7 g4 56. Kd6 g3 57. Bg2 Kg4 58. Ke5 h3 59. Bxh3+ Kxh3 60. Kf4 Kh2 61. Kf3 f4 62. Re2+ Kh1 63. Re1+ Kh2 64. Kxf4 g2 65. Re2 Kh1 66. Rxg2 Kxg2 1/2-1/2


[Site "https://www.chess.com"]

[Event "Titled Tuesday Blitz November 07 Late 2023"]
[White "Holt, Conrad"]
[Black "Toropov, Pavel"]
[WhiteFideId "2034387"]
[BlackFideId "24129178"]
[WhiteElo "2805"]
[BlackElo "2568"]
[Result "1-0"]
[Round "3"]
[TimeControl "180+1"]
[Date "2023.11.07"]
[WhiteClock "0:00:49"]
[BlackClock "0:00:00"]
[Board "42"]

1. d4 d5 2. c4 c6 3. Nc3 Nf6 4. e3 g6 5. Nf3 Bg7 6. Be2 O-O 7. O-O a6 8. b3 Bg4 9. Bb2 e6 10. h3 Bxf3 11. Bxf3 Re8 12. Rc1 Nbd7 13. Na4 Rc8 14. Re1 Ne4 15. Qd3 f5 16. Red1 b5 17. Nc3 Kh8 18. cxd5 exd5 19. g3 Qg5 20. Ne2 Ndf6 21. Rc2 Nh5 22. h4 Qh6 23. Rdc1 Re6 24. Bxh5 gxh5 25. Nf4 Rg6 26. Nxg6+ Qxg6 27. Qe2 Bf8 28. Qf3 Be7 29. Kh2 Qg4 30. Qf4 Qg6 31. Qe5+ Bf6 32. Qe6 Re8 33. Qxc6 1-0


[Site "https://www.chess.com"]